Map: Babylon LE

Players

DeepRed

  • Race: Terran Terran
  • Spawn Location: 11:00

deankane - Winner!

  • Race: Zerg Zerg
  • Spawn Location: 5:00

VOD

Have the link to the VOD?

Description

Time

  • Played on: July 26, 2023, 11:35 a.m.
  • Length: 11:02
Show
View Real Time Build Order
Export as new Build Order

DeepRed Terran 

Build Orders:  

Get SALT Encoding   

  12  0:00  SCV  
  13  0:13  SCV  
  14  0:18  Supply Depot  
  14  0:25  SCV  
  15  0:40  SCV  
  15  0:41  Barracks  
  16  0:49  Refinery  
  16  0:52  SCV  
  17  0:59  Refinery  
  17  1:04  SCV  
  18  1:28  Orbital Command  
  18  1:30  Reaper  
  19  1:39  Supply Depot  
  19  2:02  Factory  
  19  2:07  SCV  
  20  2:14  Barracks Reactor  
  20  2:19  SCV  
  21  2:38  Barracks  
  21  2:55  Marine x2  
  22  2:58  Factory Tech Lab  
  22  3:08  Starport  
  22  3:11  Factory Reactor  
  22  3:14  SCV  
  23  3:21  Marine x2  
  23  3:26  SCV  
  26  3:27  Barracks Tech Lab  
  26  3:36  Engineering Bay  
  26  3:38  Marine  
  26  3:39  Marine  
  28  3:44  SCV  
  28  3:47  Marine  
  30  3:51  Starport Reactor  
  30  3:53  Stimpack  
  30  3:56  Marine  
  30  4:00  Starport  
  31  4:27  Command Center  
  31  4:38  Starport Tech Lab  
  31  4:48  Supply Depot  
  31  4:53  Medivac x2, Marine  
  31  4:58  Supply Depot  
  36  5:07  Terran Infantry Weapons Level 1  
  36  5:11  Armory  
  36  5:14  Marine  
  36  5:15  Marine x2  
  39  5:32  Marine  
  40  5:35  Marine  
  40  5:36  Marine  
  40  5:42  SCV  
  43  5:44  Orbital Command  
  43  5:50  Marine  
  43  5:54  SCV  
  45  6:06  SCV  
  46  6:14  Hellion x2  
  50  6:18  SCV  
  50  6:21  Marauder  
  50  6:24  Marine x2  
  55  6:36  Factory  
  55  6:38  SCV x2  
  57  6:42  Marine x2, Marauder  
  61  6:50  SCV x2  
  63  6:54  Medivac  
  63  6:55  Medivac  
  67  7:02  SCV x2  
  69  7:14  SCV  
  70  7:26  Medivac, Raven, SCV, Marine x3  
  78  7:30  Supply Depot  
  78  7:42  Supply Depot  
  78  7:50  Armory  
  78  7:51  Marine  
  78  7:53  Supply Depot  
  78  7:55  Engineering Bay  
  79  8:07  Sensor Tower  
  79  8:09  Missile Turret  
  79  8:13  Missile Turret  
  79  8:25  SCV x2  
  79  8:26  Sensor Tower  
  81  8:27  Marine  
  81  8:32  Missile Turret  
  82  8:37  Missile Turret, SCV x2  
  84  8:49  SCV x2  
  84  8:51  Terran Infantry Armor Level 1  
  84  8:52  Terran Vehicle And Ship Armor Level 1  
  86  8:56  Terran Ship Weapons Level 1  
  86  9:20  Marine x2  
  86  9:21  Marine  
  86  9:22  SCV x2  
  91  9:32  Hellion x2  
  91  9:34  Medivac x2, SCV x2  
  101  9:38  Marine  
  102  9:53  SCV x2, Marine x2, Hellion  
  102  9:55  Command Center  
  87  10:05  SCV  
  67  10:17  Marine x3  
  67  10:18  SCV  
  67  10:19  SCV  
  72  10:30  SCV  
  72  10:31  SCV  
  72  10:35  Marine x3  
  57  10:43  SCV  
Show
View Real Time Build Order
Export as new Build Order

deankane Zerg - Winner!

Build Orders: Hatch First 

Get SALT Encoding   

  12  0:00  Drone  
  13  0:13  Overlord  
  13  0:19  Drone  
  14  0:38  Drone  
  15  0:52  Hatchery  
  15  0:56  Drone x2  
  16  0:57  Drone  
  17  1:13  Drone  
  18  1:21  Spawning Pool  
  17  1:29  Drone  
  18  1:37  Drone  
  19  1:49  Drone  
  20  2:04  Extractor  
  20  2:07  Drone x2  
  20  2:08  Extractor  
  20  2:15  Hatchery  
  19  2:20  Drone x3  
  22  2:27  Zergling x2  
  23  2:40  Queen  
  24  2:48  Drone x2  
  24  2:58  Zergling x2  
  24  3:04  Drone x3  
  28  3:13  Overlord  
  28  3:26  Queen  
  30  3:32  Drone  
  30  3:33  Drone  
  32  3:36  Zergling x4  
  32  3:37  Zergling x2  
  35  3:42  Metabolic Boost  
  35  3:53  Roach Warren  
  34  3:56  Drone  
  34  4:00  Overlord  
  34  4:01  Overlord  
  35  4:07  Extractor  
  34  4:10  Extractor  
  34  4:13  Drone x3  
  36  4:19  Drone x3  
  39  4:36  Roach x3  
  39  4:37  Roach  
  47  4:43  Spore Crawler  
  46  4:47  Spore Crawler  
  46  4:50  Lair  
  45  5:00  Drone x3  
  45  5:04  Drone x2  
  50  5:07  Drone  
  51  5:14  Roach x2  
  55  5:32  Spore Crawler  
  54  5:39  Spore Crawler  
  53  5:43  Spine Crawler  
  53  5:47  Spine Crawler  
  53  5:49  Drone x3  
  54  5:50  Spore Crawler  
  53  5:59  Drone x4  
  57  6:08  Extractor  
  57  6:11  Drone x2  
  58  6:12  Extractor  
  57  6:31  Overlord  
  57  6:36  Overlord x3  
  57  6:49  Queen, Hatchery  
  57  6:50  Drone  
  59  7:01  Drone x2  
  59  7:04  Roach x2  
  65  7:11  Hydralisk Den  
  65  7:12  Glial Reconstitution  
  64  7:20  Drone x2  
  66  7:24  Zergling x4  
  66  7:25  Zergling x2  
  69  7:37  Roach  
  69  7:38  Roach  
  73  7:46  Spore Crawler  
  72  7:53  Drone x3  
  72  7:57  Hydralisk x3  
  81  8:00  Hydralisk  
  81  8:05  Drone  
  84  8:23  Evolution Chamber  
  84  8:24  Hydralisk x3  
  89  8:32  Drone x4  
  93  8:36  Overlord x2  
  93  8:43  Overseer  
  93  8:53  Grooved Spines  
  93  9:04  Infestation Pit  
  93  9:07  Roach x2  
  93  9:09  Roach x3  
  102  9:11  Hydralisk x3  
  102  9:15  Drone x2  
  102  9:16  Drone  
  111  9:31  Drone  
  111  9:33  Spire  
  111  9:35  Overlord x2  
  106  10:00  Zergling x12  
  106  10:01  Zergling x10  
  106  10:02  Zergling x2  
  106  10:03  Zergling x2, Hydralisk x2  
  119  10:16  Drone x3  
  121  10:33  Hydralisk x4  
  127  10:37  Overlord x3  
Tags
 
Matchup
TvZ
Spawn Locations
Cross Positions
Add a new tag
Caveats
  • Supply blocks, unpowered buildings, or Contaminate may cause inaccurate times.
  • Supply counts are checked every 10 seconds.